Map: Deathaura LE

Players

Heeebster

  • Race: Protoss Protoss
  • League: Diamond
  • Spawn Location: 5:00

iGXY - Winner!

  • Race: Terran Terran
  • League: Diamond
  • Spawn Location: 11:00

VOD

Have the link to the VOD?

Description

Time

  • Played on: Nov. 16, 2020, 11:20 a.m.
  • Length: 4:08
Show
View Real Time Build Order
Export as new Build Order

Heeebster Protoss 

Build Orders: 1 Gate Expand, Oracle Opening 

Get SALT Encoding   

  12  0:00  Probe  
  13  0:13  Pylon  
  13  0:17  Probe  
  14  0:30  Probe (Chrono Boost)  
  14  0:33  Gateway  
  15  0:42  Probe (Chrono Boost)  
  16  0:43  Assimilator  
  16  0:49  Probe (Chrono Boost)  
  17  0:56  Probe  
  18  1:08  Probe  
  19  1:20  Probe  
  20  1:27  Nexus  
  20  1:37  Cybernetics Core  
  20  1:41  Probe  
  21  1:47  Pylon  
  21  1:52  Assimilator  
  21  1:55  Probe (Chrono Boost)  
  22  2:05  Probe (Chrono Boost)  
  23  2:10  Probe (Chrono Boost)  
  23  2:13  Stalker (Chrono Boost)  
  26  2:21  Probe  
  27  2:27  Stargate  
  27  2:35  Stalker, Probe (Chrono Boost)  
  30  2:39  Probe (Chrono Boost)  
  31  2:49  Probe (Chrono Boost)  
  31  2:50  Probe (Chrono Boost)  
  33  2:54  Probe (Chrono Boost)  
  33  2:58  Probe  
  35  3:05  Probe  
  36  3:08  Oracle (Chrono Boost)  
  36  3:10  Probe  
  40  3:16  Assimilator  
  40  3:17  Probe  
  41  3:22  Probe  
  42  3:29  Probe  
  44  3:34  Stargate, Probe  
Show
View Real Time Build Order
Export as new Build Order

iGXY Terran - Winner!

Build Orders:  

Get SALT Encoding   

  12  0:00  SCV  
  13  0:12  SCV  
  14  0:17  Supply Depot  
  14  0:24  SCV  
  15  0:40  Barracks  
  15  0:50  Barracks  
  15  1:02  Barracks  
  15  1:06  SCV  
  16  1:19  SCV  
  17  1:27  Marine, Supply Depot  
  18  1:35  Orbital Command  
  18  1:38  Marine  
  19  1:46  Marine  
  20  1:49  Marine  
  21  1:56  Marine  
  22  2:04  Marine, SCV  
  22  2:07  Marine  
  25  2:14  Marine  
  26  2:16  Supply Depot  
  26  2:17  SCV  
  26  2:21  Marine  
  28  2:25  Marine  
  29  2:32  Marine  
  30  2:39  Marine  
  30  2:43  Marine  
  32  2:49  Marine  
  33  2:57  Marine  
  34  3:00  Marine  
  35  3:07  Marine  
  36  3:15  Marine  
  36  3:18  Marine  
  38  3:25  Marine  
Tags
 
Add a new tag
Caveats
  • Supply blocks, unpowered buildings, or Contaminate may cause inaccurate times.
  • Supply counts are checked every 10 seconds.